 Dungeon Crawl Stone Soup version 0.22-a0-265-g0d8bc90 (webtiles) character file.

1222 MatthieuS the Digger (level 8, -7/48 HPs)
             Began as a Gargoyle Earth Elementalist on Mar 7, 2018.
             Mangled by BigBall's ghost (13 damage)
             ... on level 6 of the Dungeon.
             The game lasted 00:14:52 (6964 turns).

MatthieuS the Digger (Gargoyle Earth Elementalist)  Turns: 6964, Time: 00:14:52

Health: -7/48      AC:  9    Str: 13    XL:     8   Next: 47%
Magic:  5/15       EV: 12    Int: 17    God:
Gold:   252        SH:  0    Dex: 10    Spells: 7/17 levels left

rFire    . . .     SeeInvis .   a - +1 dagger (protect)
rCold    . . .     Gourm    .   (no shield)
rNeg     + . .     Faith    .   c - +0 robe
rPois    ∞         Spirit   .   m - +0 helmet
rElec    +         Reflect  .   (no cloak)
rCorr    .         Harm     .   (no gloves)
MR       .....                  (no boots)
Stlth    ++........             (no amulet)
HPRegen  0.16/turn              (no ring)
MPRegen  0.14/turn              (no ring)

@: no status effects
A: negative energy resistance 1, electricity resistance, unbreathing,
petrification resistance, rot immunity, AC +5
a: no special abilities


You were on level 6 of the Dungeon.
You were not hungry.

You visited 2 branches of the dungeon, and saw 7 of its levels.

You collected 252 gold pieces.

Inventory:

Hand Weapons
 a - a +1 dagger of protection (weapon)
   (You took it off a goblin on level 2 of the Dungeon)
 x - a cursed -3 mace
   (You found it on level 3 of the Dungeon)
 F - a +0 quarterstaff
   (You found it on level 6 of the Dungeon)
Missiles
 b - 50 stones (quivered)
Armour
 c - a +0 robe (worn)
 m - a +0 helmet (worn)
   (You found it on level 1 of the Dungeon)
Magical Staves
 s - an uncursed staff of poison
   (You found it on level 5 of the Dungeon)
Jewellery
 u - a cursed amulet of inaccuracy {unknown}
   (You found it on level 3 of the Dungeon)
 w - an uncursed amulet of the gourmand {unknown}
   (You found it on level 3 of the Dungeon)
 C - an uncursed ring of wizardry {unknown}
   (You found it on level 4 of the Dungeon)
Wands
 t - a wand of flame (10)
   (You found it on level 2 of the Dungeon)
Scrolls
 h - 8 scrolls of remove curse {unknown}
 i - a scroll of fear {unknown}
 j - 2 scrolls of blinking {unknown}
 k - 2 scrolls of enchant weapon {unknown}
 l - a scroll of fog {unknown}
 n - 5 scrolls of teleportation {unknown}
 o - 12 scrolls of identify {unknown}
 p - 2 scrolls of amnesia {unknown}
 y - a scroll of random uselessness {unknown}
 B - a scroll of enchant armour {unknown}
 D - a scroll of noise {unknown}
Potions
 d - 2 potions of lignification {unknown}
 f - a potion of invisibility {unknown}
 g - 3 potions of flight {unknown}
 q - a potion of haste {unknown}
 r - a potion of heal wounds {unknown}
 v - a potion of resistance {unknown}
 z - a potion of curing {unknown}
 A - 2 potions of brilliance {unknown}
Comestibles
 e - 8 rations
 E - 8 chunks of flesh


   Skills:
 + Level 4.0 Fighting
 + Level 4.0 Armour
 - Level 1.5 Dodging
 - Level 2.1 Stealth
 + Level 5.0 Spellcasting
 + Level 2.5 Conjurations
 + Level 2.1 Transmutations
 + Level 7.1 Earth Magic


You had 7 spell levels left.
You knew the following spells:

 Your Spells              Type           Power        Failure   Level  Hunger
a - Sandblast             Erth           ####..       1%          1    None
b - Passwall              Tmut/Erth      ###.......   3%          2    #......
c - Stone Arrow           Conj/Erth      ###...       6%          3    ###....
d - Petrify               Tmut/Erth      ###.....     21%         4    ####...


Dungeon Overview and Level Annotations

Branches:
Dungeon (6/15)             Temple (1/1) D:4

Altars:
Ashenzari
Cheibriados
Dithmenos
Elyvilon
Fedhas
Gozag
Kikubaaqudgha
Nemelex Xobeh
Qazlal
Ru
Uskayaw
Yredelemnul
Zin
The Shining One
Lugonu

Annotations:
D:6 BigBall's ghost, novice VSFi


Innate Abilities, Weirdness & Mutations

You are resistant to torment.
Your stone body is resilient. (AC +5)
You are immune to poison.
You resist negative energy. (rN+)
You are resistant to electric shocks. (rElec)
You can survive without breathing.
You are immune to petrification.
You are immune to rotting.


Message History

There is a stone staircase leading down here.
BigBall's ghost (novice Vine Stalker Fighter) comes into view.
Aim: BigBall's ghost (hasn't noticed you)
The blast of sand hits BigBall's ghost.
BigBall's ghost turns its malevolent gaze towards you.
b - 60 stones
Aim: BigBall's ghost The blast of sand hits BigBall's ghost.
b - 59 stones BigBall's ghost hits you.
Aim: BigBall's ghost (moderately damaged)
The blast of sand hits BigBall's ghost.
b - 58 stones BigBall's ghost barely misses you.
Aim: BigBall's ghost (moderately damaged)
The blast of sand hits BigBall's ghost.
b - 57 stones BigBall's ghost hits you.
Aim: BigBall's ghost (moderately damaged)
The blast of sand hits BigBall's ghost.
b - 56 stones BigBall's ghost hits you!
Aim: BigBall's ghost (moderately damaged)
The blast of sand hits BigBall's ghost.
b - 55 stones BigBall's ghost hits you!
* * * LOW HITPOINT WARNING * * *
Aim: BigBall's ghost (severely damaged)
The blast of sand hits BigBall's ghost.
b - 54 stones BigBall's ghost completely misses you.
Aim: BigBall's ghost (almost destroyed)
The blast of sand hits BigBall's ghost.
b - 53 stones BigBall's ghost hits you but does no damage.
Aim: BigBall's ghost (almost destroyed)
The blast of sand hits BigBall's ghost.
b - 52 stones BigBall's ghost hits you!
* * * LOW HITPOINT WARNING * * *
Aim: BigBall's ghost (almost destroyed)
The blast of sand hits BigBall's ghost.
b - 51 stones BigBall's ghost hits you!
* * * LOW HITPOINT WARNING * * *
Aim: BigBall's ghost (almost destroyed)
The blast of sand hits BigBall's ghost.
b - 50 stones BigBall's ghost hits you!
You die...

##.###.####
##.## ##.### ###
#.## ##.## #.. #
##.## ##..##
#.#.#
##.###.#<..
##.#. ##.#......
... ##.######
#W# ### #@####
#.>..# # ####.#
##### ##.##
#....
#...########.###
#.#..........# #
#...########## #
##### # #


You could see BigBall's ghost.

Vanquished Creatures
  2 phantoms
  2 ogres
  A centaur (D:5)
  A bullfrog (D:6)
  2 vampire bats (D:5)
  A crimson imp (D:5)
  A quasit (D:5)
  2 orc priests
  2 iguanas
  3 bullfrog skeletons
  2 orc wizards
  2 worker ants (D:4)
  A hound skeleton (D:4)
  4 gnolls
  7 adders
  A howler monkey skeleton (D:6)
  2 shadow imps
  An ooze (D:5)
  An adder skeleton (D:3)
  5 worms
  2 dart slugs
  A leopard gecko (D:4)
  15 orcs
  6 bats
  A bat skeleton (D:5)
  3 bat zombies (D:5)
  5 giant cockroaches
  10 goblins
  5 hobgoblins
  14 jackals
  5 kobolds
  5 quokkas
  A ball python (D:2)
  6 frilled lizards
  8 rats
130 creatures vanquished.

Vanquished Creatures (others)
  2 orcs (D:4)
2 creatures vanquished.

Grand Total: 132 creatures vanquished

Notes
Turn   | Place    | Note
-------+----------+-------------------------------------------
     0 | D:1      | MatthieuS the Gargoyle Earth Elementalist began the quest for the Orb.
     0 | D:1      | Reached XP level 1. HP: 10/10 MP: 3/3
   310 | D:1      | Reached XP level 2. HP: 16/16 MP: 0/5
   465 | D:1      | Learned a level 2 spell: Passwall
   715 | D:1      | Reached skill level 4 in Earth Magic
   802 | D:1      | Reached XP level 3. HP: 20/20 MP: 3/6
   811 | D:1      | Learned a level 3 spell: Stone Arrow
  1126 | D:2      | Reached skill level 1 in Fighting
  1126 | D:2      | Reached skill level 1 in Armour
  1331 | D:2      | Reached XP level 4. HP: 21/25 MP: 8/8
  2037 | D:2      | Reached XP level 5. HP: 29/29 MP: 7/9
  2078 | D:2      | Reached skill level 5 in Earth Magic
  2655 | D:3      | Learned a level 4 spell: Petrify
  2980 | D:3      | Found a blossoming altar of Fedhas.
  3198 | D:3      | Reached XP level 6. HP: 33/35 MP: 11/11
  3226 | D:3      | Found a shadowy altar of Dithmenos.
  3449 | D:4      | Noticed a phantom
  3803 | D:3      | Found a blossoming altar of Fedhas.
  3948 | D:3      | Found a shadowy altar of Dithmenos.
  4400 | D:4      | Killed a phantom
  4400 | D:4      | Reached skill level 6 in Earth Magic
  4570 | D:4      | Found a staircase to the Ecumenical Temple.
  4598 | Temple   | Entered the Ecumenical Temple
  4657 | D:4      | Reached XP level 7. HP: 27/40 MP: 6/13
  5598 | D:5      | Entered Level 5 of the Dungeon
  5622 | D:5      | Reached skill level 1 in Transmutations
  5642 | D:5      | Reached skill level 1 in Conjurations
  6086 | D:5      | Found a sparkling altar of Nemelex Xobeh.
  6087 | D:5      | Found an opulent altar of Gozag.
  6307 | D:5      | Reached XP level 8. HP: 46/46 MP: 11/15
  6599 | D:5      | Reached skill level 7 in Earth Magic
  6673 | D:5      | Found an ancient bone altar of Kikubaaqudgha.
  6875 | D:6      | Reached skill level 5 in Spellcasting
  6954 | D:6      | Noticed BigBall's ghost (novice VSFi)
  6964 | D:6      | Mangled by BigBall's ghost

Vault maps used:
D:1:      dpeg_arrival_castle, st_stairs_8, grunt_decor_mini_mirrors
D:2:      kennysheep_the_goblin_king
D:3:      fedhas_altar_2, grunt_dithmenos_smoke
D:4:      minmay_temple_entry_statues_fountains, first_ration,
          lemuel_old_faithful
D:5:      grunt_temple_overflow_opulence, kennysheep_vampire_church
D:6:      trog_ov_bears_minmay, kennysheep_mini_moat
Temple:   corrupted_temple

Skill      XL: |  1  2  3  4  5  6  7  8 |
---------------+-------------------------+-----
Earth Magic    | 4 5 6 7 |  7.1
Fighting       | 1 2 3 4 |  4.0
Armour         | 1 2 3 4 |  4.0
Spellcasting   | 3 4 5 |  5.0
Transmutations | 1 2 |  2.1
Conjurations   | 1 2 |  2.5
Dodging        | |  1.5
Stealth        | |  2.1

Action                   |  1- 3 |  4- 6 |  7- 9 || total
-------------------------+-------+-------+-------++-------
Melee: Unarmed           |    12 |       |       ||    12
       Short sword       |    30 |    23 |       ||    53
       Dagger            |       |   178 |    81 ||   259
 Cast: Sandblast         |    31 |    71 |    59 ||   161
       Passwall          |       |     3 |       ||     3
       Stone Arrow       |       |     1 |    27 ||    28
Evoke: Wand              |       |     6 |     3 ||     9
 Stab: Sleeping          |       |     1 |     1 ||     2
  Eat: Chunk             |     2 |     7 |     9 ||    18
       Ration            |       |     1 |       ||     1
Armor: Robe              |    22 |   147 |    86 ||   255
Dodge: Dodged            |    33 |   243 |   105 ||   381

Table legend:
 A = Spawn XP
 B = Non-spawn XP
 C = Spawn XP percentage of total XP
 D = Spawn monster count
 E = Non-spawn monster count
 F = Spawn count percentage of total count
 G = Total turns spent on level
                    A         B        C        D         E        F      G
               +---------+---------+-------+---------+---------+-------+---------
         Total |       0 |    1747 |   0.0 |       0 |     130 |   0.0 |  6964
               +---------+---------+-------+---------+---------+-------+---------
           D:1 |       0 |      36 |   0.0 |       0 |      14 |   0.0 |  1122
           D:2 |       0 |     191 |   0.0 |       0 |      49 |   0.0 |  1383
           D:3 |       0 |     216 |   0.0 |       0 |      23 |   0.0 |  1840
           D:4 |       0 |     391 |   0.0 |       0 |      18 |   0.0 |  1560
           D:5 |       0 |     724 |   0.0 |       0 |      20 |   0.0 |   818
           D:6 |       0 |     189 |   0.0 |       0 |       6 |   0.0 |   197
               +---------+---------+-------+---------+---------+-------+---------
